 Dungeon Crawl Stone Soup version 0.23.2-1-ga50397a6bc (webtiles) character file.

Game seed: 15395745953239969927

100 H0rd4k the Charlatan (level 5, -8/38 HPs)
             Began as a Human Artificer on Apr 16, 2019.
             Mangled by an ogre
             ... wielding a +0 giant club
              (21 damage)
             ... on level 3 of the Dungeon.
             The game lasted 00:04:02 (3353 turns).

H0rd4k the Charlatan (Human Artificer)              Turns: 3353, Time: 00:04:03

Health: -8/38      AC:  3    Str: 13    XL:     5   Next: 3%
Magic:  7/7        EV: 12    Int: 11    God:
Gold:   129        SH:  0    Dex: 14    Spells: 4/4 levels left

rFire    . . .     SeeInvis .   a - +0 short sword
rCold    . . .     Gourm    .   (no shield)
rNeg     . . .     Faith    .   b - +0 leather armour
rPois    .         Spirit   .   (no helmet)
rElec    .         Reflect  .   (no cloak)
rCorr    .         Harm     .   (no gloves)
MR       .....                  (no boots)
Stlth    +.........             (no amulet)
HPRegen  0.12/turn              (no ring)
MPRegen  0.10/turn              (no ring)

@: no status effects
A: no striking features
a: no special abilities


You were on level 3 of the Dungeon.
You were near starving.

You visited 1 branch of the dungeon, and saw 3 of its levels.

You collected 129 gold pieces.

Inventory:

Hand Weapons
 a - a +0 short sword (weapon)
 l - a cursed -3 spear
 u - a +0 falchion
Armour
 b - a +0 leather armour (worn)
 m - a +1 robe of fire resistance
 n - a +0 helmet
 o - a +0 pair of boots
Wands
 c - a wand of flame (4)
 d - a wand of enslavement (15)
 e - a wand of random effects (10)
Scrolls
 h - 8 scrolls of remove curse {unknown}
 i - 4 scrolls of identify {unknown}
 r - a scroll of enchant weapon {unknown}
 t - a scroll of teleportation {unknown}
Potions
 g - 3 potions of heal wounds {unknown}
 j - a potion of cancellation {unknown}
 k - 2 potions of ambrosia {unknown}
 p - a potion of might {unknown}
 q - a potion of flight {unknown}
 s - 2 potions of agility {unknown}
Comestibles
 f - 9 rations


   Skills:
 + Level 2.0 Fighting
 + Level 2.1 Short Blades
 + Level 2.0 Armour
 + Level 2.3 Dodging
 + Level 1.0 Stealth
 + Level 3.6 Evocations


You had 4 spell levels left.
You didn't know any spells.
Your spell library was empty.

Dungeon Overview and Level Annotations

Branches:
Dungeon (3/15)

Altars:
Makhleb
Nemelex Xobeh
Ru
Sif Muna
Yredelemnul
Zin

Annotations:
D:2 exclusion: downstairs


Message History

Okay, then.
You hit something. Something hits you.
You hit something. Something hits you!!
Ouch! That really hurt!
Evoke which item? (* to show all) (? for menu, Esc to quit)
Aiming: Random Effects
Press: ? - help, Shift-Dir - straight line Nothing appears to happen.
Evoke which item? (* to show all) (? for menu, Esc to quit)
Aiming: Random Effects
Press: ? - help, Shift-Dir - straight line, f - you That beam is likely to hit you.
Continue anyway?
Okay, then.
Unknown command.
Evoke which item? (* to show all) (? for menu, Esc to quit)
Aiming: Random Effects
Press: ? - help, Shift-Dir - straight line Something hits you!!
Ouch! That really hurt!
You die...

#....#............#.#
#....#............#.#
#....#..^.........#.#
#.#)................#
#.#)######....####..#
#.#[# #....# #..#
#.#.# #....#
#..###### #.#.#
#.#+######>.....#
#.#.#
#.#....@{.#####+#
#.#.######....####.#
#.#.##........# #.#
#.#.##.####...# #.#
#.#.##..{.....# #.#
..#.#######...# #.#
###.# #...# #.# ....#
##### #.# #####


There were no monsters in sight!

Vanquished Creatures
  An adder (D:3)
  An ooze (D:2)
  2 worms (D:2)
  A dart slug (D:2)
  2 leopard geckos (D:2)
  8 orcs (D:3)
  A ball python (D:2)
  2 giant cockroaches (D:2)
  10 goblins
  6 hobgoblins
  6 jackals
  A quokka (D:2)
  5 bats
  3 frilled lizards
  9 kobolds
  7 rats
65 creatures vanquished.

Notes
Turn   | Place    | Note
-------+----------+-------------------------------------------
     0 | D:1      | H0rd4k the Human Artificer began the quest for the Orb.
     0 | D:1      | Reached XP level 1. HP: 15/15 MP: 3/3
   105 | D:1      | Reached XP level 2. HP: 17/21 MP: 4/4
   723 | D:1      | Reached XP level 3. HP: 26/26 MP: 5/5
  1400 | D:2      | Reached XP level 4. HP: 21/33 MP: 6/6
  1490 | D:2      | Reached skill level 1 in Armour
  1899 | D:2      | Found a glowing silver altar of Zin.
  1900 | D:2      | Found a basalt altar of Yredelemnul.
  1900 | D:2      | Found a sparkling altar of Nemelex Xobeh.
  1900 | D:2      | Found a sacrificial altar of Ru.
  1908 | D:2      | Found a deep blue altar of Sif Muna.
  1908 | D:2      | Found a burning altar of Makhleb.
  3262 | D:3      | Reached XP level 5. HP: 35/38 MP: 7/7
  3342 | D:3      | Noticed an ogre
  3353 | D:3      | Mangled by an ogre

Skill      XL: |  1  2  3  4 |
---------------+-------------+-----
Armour         | 2 |  2.0
Short Blades   | 2 |  2.1
Fighting       | 2 |  2.0
Dodging        | |  2.3
Stealth        | |  1.0
Evocations     | |  3.6

Action                   |  1- 3 |  4- 6 || total
-------------------------+-------+-------++-------
Melee: Short sword       |   136 |   148 ||   284
Evoke: Wand              |     4 |    12 ||    16
  Eat: Chunk             |     2 |     4 ||     6
Armor: Leather armour    |    32 |    28 ||    60
Dodge: Dodged            |   102 |    71 ||   173
